[Event "*** SCC Grand Prix: Titled Tuesday Blitz"]
[Site "Chess.com"]
[Date "2020.06.23"]
[Round "10"]
[White "grandcoach"]
[Black "PauloCesarCosta_sad"]
[Result "1/2-1/2"]
[WhiteElo "2102"]
[BlackElo "2226"]
[TimeControl "180+1"]
[EndTime "11:52:41 PDT"]
[Termination "Game drawn by agreement"]

1. e3 Nf6 2. b3 g6 3. Bb2 Bg7 4. Nf3 O-O 5. d4 c5 6. dxc5 Qa5+ 7. Nbd2 Qxc5 8. Bd3 d6 9. O-O Nc6 10. a3 Bg4 11. h3 Bxf3 12. Nxf3 Rac8 13. c4 Qb6 14. b4 Rfd8 15. Qe2 Nd7 16. Bxg7 Kxg7 17. Rfd1 Nde5 18. Nxe5 Nxe5 1/2-1/2

[Event "*** SCC Grand Prix: Titled Tuesday Blitz"]
[Site "Chess.com"]
[Date "2020.06.23"]
[Round "10"]
[White "Manukyan_Artak"]
[Black "Efremov_Vlad"]
[Result "1-0"]
[WhiteElo "2329"]
[BlackElo "2188"]
[TimeControl "180+1"]
[EndTime "11:53:29 PDT"]
[Termination "Manukyan_Artak won by resignation"]

1. e4 c5 2. Nf3 e6 3. c3 d5 4.
e5 Nc6 5. d4 Nh6 6. Bxh6 gxh6 7. a3 Qb6 8. b4 cxd4 9. cxd4 Rg8 10.
Nc3 Rg4 11. Na4 Qc7 12. Rc1 Re4+ 13. Be2 Qe7 14. O-O Bd7 15. Nc5 Rg4 16. Nxb7 Bg7 17. h3 Rg6 18. Bb5 Nd8 19. Nd6+ Kf8 20. Rc7 Bxb5 21.
Rxe7 Kxe7 22. Nxb5 Rb8 23. Nxa7 Ra8 24. Nb5 Rxa3 25.
Nxa3 1-0

[Event "*** SCC Grand Prix: Titled Tuesday Blitz"]
[Site "Chess.com"]
[Date "2020.06.23"]
[Round "10"]
[White "Maghalashvili"]
[Black "GadimbayliA"]
[Result "1/2-1/2"]
[WhiteElo "2813"]
[BlackElo "2877"]
[TimeControl "180+1"]
[EndTime "11:53:35 PDT"]
[Termination "Game drawn by agreement"]

1. Nf3 d5 2. g3 c5 3. Bg2 Nc6 4.
d4 Nf6 5. O-O e6 6. c4 dxc4 7. Na3 cxd4 8. Nxc4 Bc5 9. a3 a5 10.
Qa4 O-O 11. b4 Be7 12. b5 Na7 13. Rd1 Nd5 14. Bb2 Bd7 15. Nxd4 Bc5 16. Qxa5 Nxb5 17. Qxd8 Rfxd8 18. Bxd5 exd5 19. Ne5 Be8 20. Nxb5 Bxb5 21. Nd3 Bd6 22. e3 Ra4 23. Nf4 Bxf4 24. gxf4 f6 25. Bc3 1/2-1/2

[Event "*** SCC Grand Prix: Titled Tuesday Blitz"]
[Site "Chess.com"]
[Date "2020.06.23"]
[Round "10"]
[White "Shahinyan_ChessMood"]
[Black "bascheyaro"]
[Result "1-0"]
[WhiteElo "2624"]
[BlackElo "2716"]
[TimeControl "180+1"]
[EndTime "11:53:51 PDT"]
[Termination "Shahinyan_ChessMood won by resignation"]

1. e4 e6 2. d3 d5 3. Nd2 c5 4.
Ngf3 Nc6 5. g3 Nf6 6. Bg2 g6 7. O-O Bg7 8. exd5 Nxd5 9. Nb3 b6 10. d4 c4 11. Nbd2 c3 12. Ne4 cxb2 13. Bxb2 O-O 14.
c4 Nf6 15. Nxf6+ Bxf6 16. Ne5 Nxd4 17. Bxd4 Ba6 18. Nc6 Bxd4 19. Nxd8 Raxd8 20. Qa4 1-0

[Event "*** SCC Grand Prix: Titled Tuesday Blitz"]
[Site "Chess.com"]
[Date "2020.06.23"]
[Round "10"]
[White "vova-79"]
[Black "annamaja"]
[Result "1-0"]
[WhiteElo "2413"]
[BlackElo "2238"]
[TimeControl "180+1"]
[EndTime "11:53:58 PDT"]
[Termination "vova-79 won by checkmate"]

1. d4 d5 2. c4 c6 3. Nc3 Nf6 4. e3 e6 5. Nf3 Bd6 6. Qc2 O-O 7. b3 Nbd7 8. Bb2 dxc4 9. Bxc4 e5 10. O-O-O exd4 11. Rxd4 Qc7 12. Rhd1 Bc5 13. Rh4 b5 14.
Ne4 Nxe4 15. Qxe4 g6 16. Qxg6+ hxg6 17. Rh8# 1-0

[Event "*** SCC Grand Prix: Titled Tuesday Blitz"]
[Site "Chess.com"]
[Date "2020.06.23"]
[Round "10"]
[White "Barmen_EV"]
[Black "Schachmalanders"]
[Result "1-0"]
[WhiteElo "2463"]
[BlackElo "2334"]
[TimeControl "180+1"]
[EndTime "11:54:05 PDT"]
[Termination "Barmen_EV won by checkmate"]

1. d4 d5 2. c4 e6 3. Nc3 c6 4. e4 dxe4 5. Nxe4 Bb4+ 6. Bd2 Qxd4 7. Bxb4 Qxe4+ 8. Be2 Na6 9. Bd6 Nf6 10. Nf3 e5 11.
O-O Be6 12. c5 Nd5 13. Nxe5 O-O-O 14. Nxc6 Rxd6 15. cxd6 Nc5 16. Bf3 Qd3 17. Nxa7+ Kb8 18. Qc1 Na6 19. Rd1 Qf5 20. Nb5 Rc8 21. Qd2 Nf4 22.
d7 Rd8 23. Qd6+ Ka8 24. Qxa6+ Kb8 25. Qxb7# 1-0

[Event "*** SCC Grand Prix: Titled Tuesday Blitz"]
[Site "Chess.com"]
[Date "2020.06.23"]
[Round "10"]
[White "AGW2016"]
[Black "doctorcristian"]
[Result "0-1"]
[WhiteElo "2223"]
[BlackElo "2403"]
[TimeControl "180+1"]
[EndTime "11:54:07 PDT"]
[Termination "doctorcristian won by resignation"]

1. d4 d5 2. c4 dxc4 3. e4 Nf6 4. e5 Nd5 5. Bxc4 Bf5 6. Nc3 Nb4 7. g4 Bg6 8. f4 e6 9. Kf2 Bc2 10. Qd2 Qh4+ 11. Kf3 h5 12. Qg2 hxg4+ 13. Qxg4 Qxg4+ 14. Kxg4 Bf5+ 15. Kg3 Nc2 16. Rb1 Nxd4 17. Ra1 Be7 18. Be3 Bh4+ 19. Kg2 Nc2 20. Nf3 Nxe3+ 21. Kg1 0-1

[Event "*** SCC Grand Prix: Titled Tuesday Blitz"]
[Site "Chess.com"]
[Date "2020.06.23"]
[Round "10"]
[White "AlexOstrovskiy"]
[Black "vinniethepooh"]
[Result "1-0"]
[WhiteElo "2719"]
[BlackElo "2577"]
[TimeControl "180+1"]
[EndTime "11:54:09 PDT"]
[Termination "AlexOstrovskiy won by resignation"]

1. d4 Nf6 2. Bf4 d5 3. e3 c5 4. c3 Nc6 5. Nd2 e6 6. Ngf3 cxd4 7. exd4 Nh5 8. Be3 Bd6 9. Ne5 g6 10. Nd3 O-O 11. g3 f5 12. Bh6 Re8 13. Nf3 Nf6 14. Bf4 Ne4 15. Bxd6 Qxd6 16. Bg2 g5 17. Nfe5 g4 18.
h3 h5 19. hxg4 hxg4 20. Nxg4 Kg7 21. Nge5 Nf6 22. Qd2 Kf8 23. Qh6+ Ke7 24. Qg7+ 1-0

[Event "*** SCC Grand Prix: Titled Tuesday Blitz"]
[Site "Chess.com"]
[Date "2020.06.23"]
[Round "10"]
[White "Tsyhanchuk_Stanislav"]
[Black "OhanyanEminChess"]
[Result "0-1"]
[WhiteElo "2385"]
[BlackElo "2535"]
[TimeControl "180+1"]
[EndTime "11:54:12 PDT"]
[Termination "OhanyanEminChess won by resignation"]

1. e4 e5 2. Nf3 Nc6 3. Bb5 f5 4. d3 fxe4 5. dxe4 Nf6 6. Nc3 Bb4 7. O-O Bxc3 8. bxc3 d6 9. Bc4 Qe7 10. Bg5 Be6 11. Qe2 O-O 12. Rab1 Rab8 13. Bd5 Nd8 14. Rfd1 b6 15. a4 a5 16. c4 Bxd5 17. cxd5 Nb7 18.
Ne1 Nc5 19. Qc4 Qd7 20. Be3 Ncxe4 21. Nd3 Nc5 22. Nxc5 bxc5 23. Rb3 Rb4 24. Qa6 Qxa4 0-1

[Event "*** SCC Grand Prix: Titled Tuesday Blitz"]
[Site "Chess.com"]
[Date "2020.06.23"]
[Round "10"]
[White "Pavel_Mir"]
[Black "pedromartinez91"]
[Result "0-1"]
[WhiteElo "2354"]
[BlackElo "2504"]
[TimeControl "180+1"]
[EndTime "11:54:14 PDT"]
[Termination "pedromartinez91 won by resignation"]

1. e4 e6 2. d4 d5 3. Nd2 dxe4 4. Nxe4 Bd7 5. Nf3 Bc6 6. Ng3 Nd7 7. c4 Bxf3 8. Qxf3 Bb4+ 9. Bd2 Bxd2+ 10. Kxd2 Ngf6 11.
Rd1 c5 12. Kc1 O-O 13. Ne4 cxd4 14. Rxd4 Qa5 15. Nc3 b5 16. cxb5 Rac8 17. Kb1 Nb6 18. Bd3 e5 19. Rd6 e4 20. Nxe4 Nxe4 21. Qxe4 g6 22. h4 Rfe8 23. Qd4 Re1+ 0-1

[Event "*** SCC Grand Prix: Titled Tuesday Blitz"]
[Site "Chess.com"]
[Date "2020.06.23"]
[Round "10"]
[White "czasnaszachy"]
[Black "Djager97"]
[Result "0-1"]
[WhiteElo "2243"]
[BlackElo "2445"]
[TimeControl "180+1"]
[EndTime "11:54:15 PDT"]
[Termination "Djager97 won by resignation"]

1. d4 d5 2. c4 e6 3. Nc3 c6 4. e3 Nf6 5. Nf3 Nbd7 6. Be2 Bd6 7. O-O O-O 8. b3 b6 9. Bb2 Bb7 10. Rc1 Rc8 11. Na4 Qe7 12. c5 bxc5 13. dxc5 Nxc5 14. Bxf6 gxf6 15. Nxc5 Bxc5 16. Bd3 f5 17. Ne5 Bd6 18. f4 c5 19. Rf3 Kh8 20. Rh3 Bxe5 21. Qh5 f6 22.
fxe5 fxe5 23. g4 Rg8 24. Kh1 Rxg4 25. Bxf5 exf5 26. Qxf5 d4+ 0-1

[Event "*** SCC Grand Prix: Titled Tuesday Blitz"]
[Site "Chess.com"]
[Date "2020.06.23"]
[Round "10"]
[White "SHIVACalypso"]
[Black "shnitez"]
[Result "0-1"]
[WhiteElo "2348"]
[BlackElo "2499"]
[TimeControl "180+1"]
[EndTime "11:54:17 PDT"]
[Termination "shnitez won by resignation"]

1. Nf3 d5 2. c4 e6 3. g3 Nf6 4.
Bg2 Be7 5. O-O O-O 6. d4 c6 7.
Nc3 b6 8. Ne5 Nfd7 9. Nxd7 Nxd7 10. b3 Ba6 11. Qd3 Rb8 12. Rd1 b5 13. c5 e5 14. b4 exd4 15. Qxd4 Bf6 16. Qd2 Ne5 17. a4 Nc4 18. Qc2 bxa4 19. Rxa4 Qc8 20. Bf4 Ra8 21.
Rda1 Bb5 22. Ra6 Bxa6 0-1

[Event "*** SCC Grand Prix: Titled Tuesday Blitz"]
[Site "Chess.com"]
[Date "2020.06.23"]
[Round "10"]
[White "eightbyeightchess"]
[Black "Skatchkov_V"]
[Result "0-1"]
[WhiteElo "2418"]
[BlackElo "2550"]
[TimeControl "180+1"]
[EndTime "11:54:18 PDT"]
[Termination "Skatchkov_V won by resignation"]

1. e4 e5 2. Nf3 Nf6 3. d4 Nxe4 4. Nxe5 d6 5. Nf3 d5 6. Bd3 Bd6 7.
O-O O-O 8. c4 c6 9. Nc3 Nxc3 10.
bxc3 dxc4 11. Bxc4 Bg4 12. h3 Bh5 13. Re1 Nd7 14.
g4 Bg6 15. Bg5 Qc7 16. Qd2 b5 17. Bb3 c5 18. dxc5 Nxc5 19. Bd5 Rae8 20. Nd4 h6 21. Nxb5 Bh2+ 22. Kg2 Qb8 23. Be3 Ne4 24. Bxh6 Nxd2 0-1

[Event "*** SCC Grand Prix: Titled Tuesday Blitz"]
[Site "Chess.com"]
[Date "2020.06.23"]
[Round "10"]
[White "Hasangatin_Ramil"]
[Black "kleopl"]
[Result "0-1"]
[WhiteElo "2581"]
[BlackElo "2412"]
[TimeControl "180+1"]
[EndTime "11:54:23 PDT"]
[Termination "kleopl won by resignation"]

1. e4 d5 2. exd5 Qxd5 3. Nf3 Bg4 4. Be2 Nc6 5. d4 O-O-O 6. c4 Qh5 7. Be3 e5 8. d5 Nf6 9. Nbd2 Nd4 10. Bxd4 exd4 11. Nxd4 Bxe2 12. Nxe2 Re8 13. Nf3 Bb4+ 14. Kf1 Ne4 15. Ned4 g5 16. a3 Bc5 17. b4 Bxd4 18.
Qxd4 g4 19. Nd2 Nxd2+ 20. Qxd2 Re4 21. Qd3 Rhe8 22. g3 Qh3+ 0-1

[Event "*** SCC Grand Prix: Titled Tuesday Blitz"]
[Site "Chess.com"]
[Date "2020.06.23"]
[Round "10"]
[White "Julianos82"]
[Black "Angel_Hranitel_37"]
[Result "0-1"]
[WhiteElo "2252"]
[BlackElo "2424"]
[TimeControl "180+1"]
[EndTime "11:54:23 PDT"]
[Termination "Angel_Hranitel_37 won by resignation"]

1. d4 d5 2. Bf4 c5 3. e3 cxd4 4. exd4 Nc6 5. c3 Bf5 6. Bd3 Bxd3 7. Qxd3 e6 8. Nf3 Qb6 9. O-O Qxb2 10. Nbd2 Qa3 11.
Rab1 b6 12. Qb5 Rc8 13. Ne5 Ne7 14. Nb3 f6 15. Nxc6 Nxc6 16. Rfe1 Kf7 17. c4 Bb4 18.
Rxe6 Kxe6 19. Qxd5+ Ke7 20. c5 Rhd8 21. Qe4+ Kf7 22.
Qxh7 Nxd4 23. Qh5+ Kg8 0-1

[Event "*** SCC Grand Prix: Titled Tuesday Blitz"]
[Site "Chess.com"]
[Date "2020.06.23"]
[Round "10"]
[White "MateSchmate"]
[Black "Rodalquilar"]
[Result "1-0"]
[WhiteElo "2491"]
[BlackElo "2616"]
[TimeControl "180+1"]
[EndTime "11:54:25 PDT"]
[Termination "MateSchmate won by checkmate"]

1. e4 e5 2. Nf3 Nc6 3. d4 exd4 4. Nxd4 Bb4+ 5. c3 Bc5 6. Be3 Bb6 7. Nd2 Nf6 8. Bd3 O-O 9. O-O d6 10. a4 Ng4 11.
Nxc6 bxc6 12. Bxb6 axb6 13. Be2 Qg5 14. f4 Qh4 15.
Bxg4 Bxg4 16. Qe1 Qxe1 17. Rfxe1 Bd7 18. b4 c5 19. a5 Bc6 20. axb6 cxb6 21. Rxa8 Rxa8 22.
Nc4 f5 23. exf5 Ra2 24. Nxd6 Rxg2+ 25. Kf1 Rxh2 26. bxc5 bxc5 27. Re7 Rh4 28. Rc7 Rxf4+ 29. Ke2 Ba4 30. Rc8+ Be8 31. Rxe8# 1-0

[Event "*** SCC Grand Prix: Titled Tuesday Blitz"]
[Site "Chess.com"]
[Date "2020.06.23"]
[Round "10"]
[White "Infernal_XaM"]
[Black "GM_dmitrij"]
[Result "0-1"]
[WhiteElo "2818"]
[BlackElo "2915"]
[TimeControl "180+1"]
[EndTime "11:54:26 PDT"]
[Termination "GM_dmitrij won by checkmate"]

1. d4 Nf6 2. c4 e6 3. Nf3 b6 4. g3 Ba6 5. Qc2 c5 6. d5 exd5 7. cxd5 Bb7 8. Bg2 Nxd5 9. Qb3 Nf6 10. Ne5 d5 11. Nc3 Nc6 12. Nxd5 Nd4 13. Nxf6+ Qxf6 14. Ng4 Qe7 15. Bxb7 Qxe2# 0-1

[Event "*** SCC Grand Prix: Titled Tuesday Blitz"]
[Site "Chess.com"]
[Date "2020.06.23"]
[Round "10"]
[White "BikingBrian"]
[Black "elohunter1999"]
[Result "0-1"]
[WhiteElo "2255"]
[BlackElo "2440"]
[TimeControl "180+1"]
[EndTime "11:54:28 PDT"]
[Termination "elohunter1999 won by resignation"]

1. d4 Nf6 2. Bg5 d5 3. Nd2 c5 4. Bxf6 gxf6 5. dxc5 Nc6 6. e4 d4 7. Bc4 e5 8. Qh5 Qc7 9. Ngf3 Bxc5 10. Qh6 Qe7 11. Qg7 Rf8 12. O-O-O Bd7 13. Nb3 Bb6 14.
Nh4 O-O-O 15. Nf5 Bxf5 16. exf5 Rg8 17. Qxf7 Qxf7 18. Bxf7 Rxg2 19. Rdg1 Rxf2 20. Rg7 Nb4 21. c3 dxc3 22. bxc3 Nxa2+ 23. Kb1 Nxc3+ 24. Kc1 Be3+ 0-1

[Event "*** SCC Grand Prix: Titled Tuesday Blitz"]
[Site "Chess.com"]
[Date "2020.06.23"]
[Round "10"]
[White "rugbyclub"]
[Black "MartinMatthiesen"]
[Result "0-1"]
[WhiteElo "2130"]
[BlackElo "2324"]
[TimeControl "180+1"]
[EndTime "11:54:28 PDT"]
[Termination "MartinMatthiesen won by resignation"]

1. c4 c5 2. g3 g6 3. Bg2 Bg7 4. Nf3 Nc6 5. Nc3 e6 6. e3 Nge7 7. O-O O-O 8. d4 d6 9. b3 Rb8 10. Bb2 b6 11. Qd2 Bb7 12. d5 exd5 13. cxd5 Nb4 14.
e4 Ba6 15. Rfe1 Nd3 16. Red1 f5 17. exf5 Nxb2 18. Qxb2 Nxf5 19. Qd2 Nd4 20. Nxd4 Bxd4 21. Ne4 Bxa1 22. Rxa1 Bc8 23. Qh6 Qe7 24. Re1 Bf5 25.
Re3 Bxe4 26. Rxe4 Qg7 27. Qxg7+ Kxg7 28. Re6 Rf6 29. Re7+ Rf7 30. Re6 Rd8 31. f4 b5 32.
Bh3 Rc7 33. f5 c4 34. bxc4 bxc4 35. f6+ Kf7 36. g4 c3 0-1

[Event "*** SCC Grand Prix: Titled Tuesday Blitz"]
[Site "Chess.com"]
[Date "2020.06.23"]
[Round "10"]
[White "Chessdreamer2020"]
[Black "justantan"]
[Result "1-0"]
[WhiteElo "2616"]
[BlackElo "2763"]
[TimeControl "180+1"]
[EndTime "11:54:32 PDT"]
[Termination "Chessdreamer2020 won by resignation"]

1. e4 d5 2. exd5 Qxd5 3. Nf3 Nc6 4. d4 Bg4 5. Be2 O-O-O 6. Be3 Qf5 7. O-O e5 8. d5 e4 9. Nfd2 Bxe2 10. Qxe2 Rxd5 11.
Nc3 Re5 12. Nc4 Re6 13. Rad1 Nf6 14. h3 Bb4 15. Nb5 Kb8 16. Nd4 Nxd4 17. Bxd4 Rhe8 18. Ne3 Qf4 19. Bxf6 gxf6 20. Nd5 Qd6 21. Nxf6 Rxf6 22.
Rxd6 cxd6 23. Qb5 1-0

[Event "*** SCC Grand Prix: Titled Tuesday Blitz"]
[Site "Chess.com"]
[Date "2020.06.23"]
[Round "10"]
[White "andriipalchuk"]
[Black "Th3_Hound"]
[Result "0-1"]
[WhiteElo "2383"]
[BlackElo "2537"]
[TimeControl "180+1"]
[EndTime "11:54:35 PDT"]
[Termination "Th3_Hound won on time"]

1. Nf3 d5 2. d4 Nf6 3. c4 c6 4. e3 g6 5. Nc3 Bg7 6. Be2 O-O 7.
O-O Bg4 8. Ne5 Bxe2 9. Qxe2 Nbd7 10. Nxd7 Qxd7 11. b3 Rac8 12. Bb2 Rfe8 13. Rfd1 e6 14.
Rac1 Red8 15. h3 Qc7 16. e4 dxe4 17. Nxe4 Nxe4 18. Qxe4 Rd7 19. Rd3 Rcd8 20. Rcd1 Qa5 21. a3 Qf5 22. Qe2 c5 23. Qe3 Qf6 0-1

[Event "*** SCC Grand Prix: Titled Tuesday Blitz"]
[Site "Chess.com"]
[Date "2020.06.23"]
[Round "10"]
[White "RobertoJBM"]
[Black "WildTricks"]
[Result "0-1"]
[WhiteElo "2660"]
[BlackElo "2513"]
[TimeControl "180+1"]
[EndTime "11:54:40 PDT"]
[Termination "WildTricks won by resignation"]

1. e4 e5 2. Nf3 Nc6 3. Bb5 g6 4. d4 exd4 5. Nxd4 Bg7 6. Be3 Nf6 7. Nc3 O-O 8. O-O Ng4 9. Qxg4 Nxd4 10. Bd3 d5 11.
Qd1 dxe4 12. Bxe4 Nf5 13. Qxd8 Rxd8 14. Bf4 c6 15. Rfd1 Be6 16. Bd3 Rd7 17. Ne4 Bxb2 18.
Rab1 Bd4 19. c3 Bg7 20. Nc5 Re7 21. Rxb7 Rxb7 22. Nxb7 Bxc3 23. Be4 Bxa2 24. Bxc6 Rc8 25. Bd7 Rf8 26. g4 Nh4 27. Bd6 Ra8 28. Rd3 Bf6 29. f4 Bc4 30. Rd1 Be2 31. Rd5 Bf3 32. Rd3 Bxb7 0-1

[Event "*** SCC Grand Prix: Titled Tuesday Blitz"]
[Site "Chess.com"]
[Date "2020.06.23"]
[Round "10"]
[White "killer311"]
[Black "BogdanDeac"]
[Result "0-1"]
[WhiteElo "2417"]
[BlackElo "2789"]
[TimeControl "180+1"]
[EndTime "11:54:45 PDT"]
[Termination "BogdanDeac won by resignation"]

1. d4 Nf6 2. c4 e6 3. Nc3 Bb4 4. Bd2 c5 5. e3 cxd4 6. exd4 O-O 7. Nf3 d5 8. Rc1 Nc6 9. c5 b6 10. cxb6 Bxc3 11. Bxc3 Qxb6 12. Bd3 Ba6 13. O-O Bxd3 14.
Qxd3 a5 15. a3 Ne4 16. Nd2 Nd6 17. Rfe1 Rfc8 18. b3 Nb5 19. Nf3 h6 20. a4 Nd6 21.
Bd2 Nb4 22. Bxb4 Qxb4 23. Rxc8+ Rxc8 24. Qd2 Rc3 25. Re3 Rxb3 26. Rxb3 Qxb3 27. Qxa5 Qd1+ 28. Qe1 Qxa4 29. g3 Qc2 30. Kg2 Ne4 31. Qe3 f6 32. Ne1 Qd2 33. Qxd2 Nxd2 34. Nd3 Nb3 35. Nf4 Nxd4 36. Nd3 Kf7 37. Nc5 e5 38. f4 Ne6 39.
Nd7 exf4 40. gxf4 Nxf4+ 41. Kf3 g5 42. Nb6 f5 43. h4 d4 44. hxg5 hxg5 45. Nc4 Ke6 0-1

[Event "*** SCC Grand Prix: Titled Tuesday Blitz"]
[Site "Chess.com"]
[Date "2020.06.23"]
[Round "10"]
[White "TST2014"]
[Black "Brave_spirit12"]
[Result "1-0"]
[WhiteElo "2529"]
[BlackElo "2363"]
[TimeControl "180+1"]
[EndTime "11:54:47 PDT"]
[Termination "TST2014 won by resignation"]

1. d4 f5 2. Nf3 Nf6 3. g3 g6 4. Bg2 Bg7 5. O-O O-O 6. c4 c6 7. Nc3 d6 8. d5 Qe8 9. Nd4 Bd7 10. Qb3 Na6 11. Qxb7 Nc5 12. Qb4 a5 13. Qa3 cxd5 14. cxd5 Ng4 15. Nc6 Bxc6 16. dxc6 Ne5 17. Be3 Nb7 18.
cxb7 Rb8 19. Qxa5 e6 20. Qb5 Qe7 21. Ba7 d5 22. Bxb8 Rxb8 23. a4 Rxb7 24. Nxd5 1-0

[Event "*** SCC Grand Prix: Titled Tuesday Blitz"]
[Site "Chess.com"]
[Date "2020.06.23"]
[Round "10"]
[White "Stronger1799"]
[Black "DishonorOnYourCow"]
[Result "1-0"]
[WhiteElo "2473"]
[BlackElo "2329"]
[TimeControl "180+1"]
[EndTime "11:54:48 PDT"]
[Termination "Stronger1799 won by resignation"]

1. e4 e5 2. Nf3 Nc6 3. Bb5 Nf6 4.
d4 exd4 5. O-O d6 6. e5 dxe5 7.
Nxe5 Qd6 8. Bf4 Qd5 9. c4 dxc3 10. Nxc3 Qxd1 11. Raxd1 Bd7 12. Rxd7 Nxd7 13. Nxc6 bxc6 14. Bxc6 Rd8 15. Re1+ Be7 16. Nd5 Kf8 17. Nxe7 Re8 18. Bxc7 Rxe7 19. Bd6 Nf6 20. Bxe7+ Kg8 21. Bxf6 gxf6 22. Re8+ Kg7 23. Rxh8 Kxh8 24. f4 1-0

[Event "*** SCC Grand Prix: Titled Tuesday Blitz"]
[Site "Chess.com"]
[Date "2020.06.23"]
[Round "10"]
[White "peixe64"]
[Black "szachuspl"]
[Result "1-0"]
[WhiteElo "2374"]
[BlackElo "2535"]
[TimeControl "180+1"]
[EndTime "11:54:54 PDT"]
[Termination "peixe64 won by resignation"]

1. e4 g6 2. d4 Bg7 3. Nf3 c5 4. d5 d6 5. Nc3 Nf6 6. h3 O-O 7. Bd3 e6 8. dxe6 Bxe6 9. O-O Nc6 10. Bg5 h6 11. Bh4 g5 12. Bg3 Nh5 13. Bh2 Nf4 14.
Bxf4 gxf4 15. Qd2 Be5 16. Nd5 f5 17. Nxf4 Bxf4 18. Qxf4 fxe4 19. Qxe4 Qd7 20. Qg6+ Kh8 21. Qxh6+ Kg8 22. Ng5 Bf5 23. Bc4+ d5 24. Rad1 Nd4 25.
Bd3 Qg7 26. Qxg7+ Kxg7 27. c3 Bxd3 28. Rxd3 Ne2+ 29. Kh2 Nf4 30. Rd2 Kg6 31. Nf3 Rad8 32. g3 Nxh3 33. Nh4+ Kg5 34. Kxh3 d4 35. f4+ Kf6 36.
cxd4 cxd4 37. Rfd1 1-0

[Event "*** SCC Grand Prix: Titled Tuesday Blitz"]
[Site "Chess.com"]
[Date "2020.06.23"]
[Round "10"]
[White "MateusViageiro"]
[Black "Alopekos"]
[Result "1-0"]
[WhiteElo "2261"]
[BlackElo "2410"]
[TimeControl "180+1"]
[EndTime "11:54:54 PDT"]
[Termination "MateusViageiro won by resignation"]

1. e4 c5 2. Nf3 d6 3. d4 cxd4 4. Nxd4 Nf6 5. Nc3 g6 6. Be3 Bg7 7. Be2 O-O 8. g4 Nc6 9. g5 Nd7 10. h4 Nxd4 11. Bxd4 Ne5 12. f4 Nd7 13. Bxg7 Kxg7 14.
Qd4+ f6 15. O-O-O Qa5 16. h5 Qc5 17. hxg6 hxg6 18. Nd5 Qxd4 19. Rxd4 Rf7 20. Nc7 Rb8 21.
Bc4 Nb6 22. Bxf7 Kxf7 23. Rh7+ Kf8 24. gxf6 exf6 25. Rxd6 Nd7 26. Ne6+ Kg8 27. Rhxd7 Bxd7 28. Rxd7 Re8 29. f5 g5 30. Rxb7 g4 31. Rg7+ Kh8 32.
Rxg4 Rb8 33. Rg6 Rc8 34. Rxf6 Rc6 35. Rf7 Rb6 36. Rxa7 Rb4 37. f6 Rxe4 38. f7 Re1+ 1-0

[Event "*** SCC Grand Prix: Titled Tuesday Blitz"]
[Site "Chess.com"]
[Date "2020.06.23"]
[Round "10"]
[White "TheNextLevelFan"]
[Black "PavelChernomordik"]
[Result "0-1"]
[WhiteElo "2500"]
[BlackElo "2346"]
[TimeControl "180+1"]
[EndTime "11:54:56 PDT"]
[Termination "PavelChernomordik won by resignation"]

1. d4 g6 2. Nf3 Bg7 3. e4 d6 4.
Bd3 c5 5. dxc5 dxc5 6. O-O Nc6 7. h3 Qc7 8. Nc3 Nf6 9. Bg5 O-O 10. Re1 e6 11.
Qc1 b6 12. e5 Nd7 13. Bh6 Ndxe5 14. Nxe5 Nxe5 15. Bxg7 Kxg7 16. Qf4 f6 17. Be4 Bb7 18.
Rad1 Rad8 19. Rxd8 Rxd8 20. Bxb7 Qxb7 21. Ne4 Qf7 22.
Ng5 fxg5 23. Qxe5+ Qf6 24. Qc7+ Kh6 25. Rxe6 Rd1+ 26. Kh2 Qxe6 0-1

[Event "*** SCC Grand Prix: Titled Tuesday Blitz"]
[Site "Chess.com"]
[Date "2020.06.23"]
[Round "10"]
[White "abykhovsky"]
[Black "OnePeculiarConundrum"]
[Result "0-1"]
[WhiteElo "2662"]
[BlackElo "2350"]
[TimeControl "180+1"]
[EndTime "11:54:58 PDT"]
[Termination "OnePeculiarConundrum won by resignation"]

1. d4 d5 2. c4 c6 3. Nf3 Nf6 4. Nc3 dxc4 5. a4 Bf5 6. e3 e6 7. Bxc4 Bb4 8. O-O O-O 9. Nh4 Bg4 10. f3 Bh5 11. g4 Bg6 12. Ng2 Nd5 13. Ne2 Nd7 14.
e4 N5b6 15. Bb3 e5 16. h4 h6 17. a5 Nc8 18. a6 b5 19. Be3 Ncb6 20. Rc1 Rc8 21.
g5 h5 22. dxe5 Nxe5 23. Nef4 Kh8 24. Qe2 Qe7 25. Rfd1 Nbc4 26. Bd4 Rfd8 27. Nxg6+ Nxg6 28. Kh2 Rxd4 29. Rxd4 Qe5+ 0-1

[Event "*** SCC Grand Prix: Titled Tuesday Blitz"]
[Site "Chess.com"]
[Date "2020.06.23"]
[Round "10"]
[White "Batsai"]
[Black "Bastiandash"]
[Result "1-0"]
[WhiteElo "2362"]
[BlackElo "2202"]
[TimeControl "180+1"]
[EndTime "11:55:04 PDT"]
[Termination "Batsai won by checkmate"]

1. e4 c5 2. Nf3 e6 3. d4 cxd4 4.
Nxd4 a6 5. Nc3 b5 6. e5 Qc7 7. f4 Bb7 8. Be3 d6 9. Bxb5+ axb5 10. Ndxb5 Qc6 11. exd6 Qxg2 12. Rg1 Qxh2 13. Nc7+ Kd7 14. Nxa8 Bxa8 15. Qd4 Nc6 16. Qa4 Bb7 17. Qb5 Kc8 18.
d7+ Kc7 19. Qb6+ Kb8 20. Qxc6 Be7 21. Qb6 Nf6 22. Nb5 Qh4+ 23. Bf2 Qxf4 24. Qa7# 1-0

[Event "*** SCC Grand Prix: Titled Tuesday Blitz"]
[Site "Chess.com"]
[Date "2020.06.23"]
[Round "10"]
[White "ljuks68"]
[Black "aNaartjieZA"]
[Result "0-1"]
[WhiteElo "2361"]
[BlackElo "2554"]
[TimeControl "180+1"]
[EndTime "11:55:07 PDT"]
[Termination "aNaartjieZA won by resignation"]

1. e4 e6 2. d4 d5 3. Nc3 Bb4 4. e5 c5 5. a3 Bxc3+ 6. bxc3 Ne7 7. h4 b6 8. h5 h6 9. Qg4 Kf8 10. a4 Ba6 11. Bxa6 Nxa6 12. a5 cxd4 13. axb6 axb6 14. Qe2 Nc5 15. Rxa8 Qxa8 16. cxd4 Qa1 17. Qd1 Ne4 18. Ne2 Nc6 19. O-O Nc3 20. Qd3 Nxe2+ 21.
Qxe2 Qxd4 22. Be3 Qc4 23. Qg4 Qxg4 0-1

[Event "*** SCC Grand Prix: Titled Tuesday Blitz"]
[Site "Chess.com"]
[Date "2020.06.23"]
[Round "10"]
[White "PowerThinking2650"]
[Black "THE_PLAYER6"]
[Result "0-1"]
[WhiteElo "2320"]
[BlackElo "2455"]
[TimeControl "180+1"]
[EndTime "11:55:07 PDT"]
[Termination "THE_PLAYER6 won by resignation"]

1. e4 c5 2. Nf3 d6 3. d4 cxd4 4.
Nxd4 Nf6 5. Nc3 a6 6. Bc4 e6 7. O-O Be7 8. Bb3 b5 9. f4 Bb7 10. f5 e5 11. Nde2 Nxe4 12. Nxe4 Bxe4 13. Ng3 Bb7 14.
Qg4 Bf6 15. Nh5 Nd7 16. Nxg7+ Bxg7 17. Qxg7 Qb6+ 18. Rf2 O-O-O 19. Qxf7 Rhg8 20. Qxg8 Rxg8 21. Bxg8 Nf6 22. Be6+ Kb8 23. Bg5 Ne4 24. Bh4 Nxf2 25. Bxf2 Qc6 26. Kf1 Qxg2+ 27. Ke2 Qf3+ 28. Kf1 Qh1+ 0-1

[Event "*** SCC Grand Prix: Titled Tuesday Blitz"]
[Site "Chess.com"]
[Date "2020.06.23"]
[Round "10"]
[White "NTBT_DHS"]
[Black "TokChess"]
[Result "1-0"]
[WhiteElo "2606"]
[BlackElo "2368"]
[TimeControl "180+1"]
[EndTime "11:55:12 PDT"]
[Termination "NTBT_DHS won on time"]

1. e4 d6 2. Nf3 Nf6 3. Nc3 Nbd7 4. d4 e5 5. dxe5 dxe5 6. Bc4 Be7 7. Bxf7+ Kxf7 8.
Ng5+ Kg8 9. Ne6 Qe8 10. Nxc7 Qg6 11. O-O Rb8 12. Be3 b6 13. N3d5 Bf8 14. Qd3 h6 15. f4 Ng4 16. f5 Qf7 17. Ne6 Nxe3 18. Qxe3 Nc5 19. Nd8 Qe8 20. Rad1 Ba6 21. f6 Qxd8 22. Ne7+ Qxe7 23. fxe7 Bxe7 24. Rf5 Kh7 25. Rf7 Bf6 26. Qf3 Bc8 27. Qxf6 1-0